Map: Orbital Shipyard

Players

dipwood - Winner!

  • Race: Protoss Protoss
  • League: Master

BerryCruncH

  • Race: Terran Terran
  • League: Grandmaster

VOD

Have the link to the VOD?

Description

Time

  • Played on: Dec. 14, 2015, 9:39 p.m.
  • Length: 13:33
Show
View Real Time Build Order
Export as new Build Order

dipwood Protoss - Winner!

Build Orders: 1 Gate Expand 

Get SALT Encoding   

  12  0:01  Probe (Chrono Boost)  
  13  0:12  Probe (Chrono Boost)  
  14  0:20  Pylon  
  14  0:22  Probe (Chrono Boost)  
  15  0:38  Gateway, Probe (Chrono Boost)  
  16  0:48  Probe (Chrono Boost)  
  17  0:50  Assimilator  
  17  0:59  Probe (Chrono Boost)  
  18  1:10  Probe (Chrono Boost)  
  19  1:22  Nexus  
  19  1:37  Cybernetics Core, Probe (Chrono Boost)  
  20  1:47  Pylon  
  20  1:51  Assimilator  
  20  1:53  Probe (Chrono Boost)  
  20  2:04  Probe (Chrono Boost)  
  23  2:15  Mothership Core (Chrono Boost)  
  23  2:18  Adept  
  25  2:25  Warp Gate (Chrono Boost)  
  25  2:34  Probe (Chrono Boost)  
  25  2:40  Probe (Chrono Boost)  
  26  2:47  Probe (Chrono Boost)  
  26  2:49  Probe (Chrono Boost)  
  26  2:51  Robotics Facility  
  28  2:58  Probe  
  28  2:59  Probe  
  30  3:10  Probe x2  
  32  3:14  Pylon  
  32  3:20  Gateway  
  32  3:24  Gateway  
  32  3:26  Probe  
  32  3:32  Gateway  
  34  3:39  Probe  
  34  3:42  Warp Prism (Chrono Boost)  
  36  4:00  Probe x2  
  38  4:07  Pylon  
  38  4:12  Probe (Chrono Boost)  
  38  4:13  Probe (Chrono Boost)  
  38  4:16  Twilight Council  
  40  4:18  Adept x3  
  40  4:21  Observer  
  47  4:29  Probe x2 (Chrono Boost)  
  49  4:39  Probe x2 (Chrono Boost)  
  49  4:40  Pylon  
  49  4:42  Observer  
  49  4:44  Assimilator  
  52  4:46  Resonating Glaives (Chrono Boost)  
  52  4:49  Probe (Chrono Boost)  
  52  4:50  Probe (Chrono Boost)  
  54  4:58  Dark Shrine  
  54  5:01  Pylon  
  54  5:08  Adept x4  
  56  5:23  Probe x2  
  56  5:24  Warp Prism (Chrono Boost)  
  56  5:32  Assimilator  
  56  5:35  Probe x2  
  56  5:47  Probe x2  
  56  5:52  Adept x4  
  60  5:59  Probe  
  60  6:03  Forge  
  61  6:06  Immortal (Chrono Boost), Pylon  
  61  6:10  Gateway  
  65  6:12  Gateway  
  65  6:15  Gateway  
  65  6:20  Probe x2  
  65  6:23  Dark Templar x2  
  71  6:31  Pylon  
  71  6:37  Protoss Ground Weapons Level 1 (Chrono Boost)  
  71  6:47  Dark Templar x2  
  75  7:01  Adept x2  
  78  7:19  Sentry x3, Zealot  
  78  7:22  Immortal (Chrono Boost)  
  84  7:30  Adept, Pylon  
  84  7:32  Pylon  
  86  7:43  Photon Cannon  
  86  7:47  Pylon  
  86  7:49  Adept x4, Pylon  
  94  7:53  Dark Templar  
  90  8:14  Blink  
  90  8:19  Nexus  
  90  8:21  Dark Templar  
  90  8:22  Zealot x3  
  96  8:28  Pylon  
  96  8:30  Probe x2  
  96  8:31  Photon Cannon  
  98  8:34  Pylon  
  98  8:35  Pylon  
  98  8:36  Pylon  
  92  8:42  Probe x2, Pylon  
  94  8:51  Stalker x2  
  94  8:54  Probe  
  100  8:58  Mothership Core  
  97  9:08  Dark Templar  
  97  9:09  Dark Templar x2  
  103  9:17  Protoss Ground Weapons Level 2 (Chrono Boost)  
  103  9:19  Probe x2  
  105  9:26  Stalker  
  105  9:31  Probe, Photon Cannon  
  108  9:41  Probe  
  108  9:43  Probe x2  
  109  9:54  Immortal  
  109  9:55  Probe x2  
  109  9:56  Pylon  
  109  9:58  Pylon  
  109  9:59  Probe, Pylon  
  115  10:00  Pylon  
  115  10:01  Pylon  
  115  10:06  Assimilator  
  116  10:07  Probe x2  
  116  10:10  Probe  
  119  10:20  Probe  
  111  10:21  Probe  
  111  10:22  Probe  
  111  10:24  Templar Archives  
  114  10:31  Photon Cannon  
  114  10:33  Assimilator  
  114  10:36  Immortal (Chrono Boost)  
  114  10:39  Photon Cannon  
  114  10:41  Photon Cannon  
  118  10:50  Psionic Storm  
  118  10:55  Pylon  
  117  11:04  Forge  
  117  11:06  High Templar  
  117  11:07  Dark Templar, Pylon  
  117  11:08  High Templar  
  117  11:11  Warp Prism  
  123  11:20  Photon Cannon  
  123  11:23  Adept x2  
  123  11:24  Adept x2  
  119  11:45  Zealot x2, High Templar x3  
  119  11:46  Zealot x2  
  133  11:52  Nexus  
  133  12:08  Assimilator  
  133  12:10  Assimilator  
  133  12:12  Pylon  
  133  12:16  High Templar  
  133  12:18  Pylon, High Templar  
  135  12:50  Warp Prism (Chrono Boost)  
  135  13:05  Dark Templar x4  
  139  13:06  Dark Templar, Zealot x2  
  141  13:21  Photon Cannon  
  141  13:23  Photon Cannon  
  141  13:25  Archon  
  141  13:26  Archon, Photon Cannon  
  134  13:28  Archon  
  134  13:30  Zealot x2  
Show
View Real Time Build Order
Export as new Build Order

BerryCruncH Terran 

Build Orders: Reaper Expand, MMM Bio 

Get SALT Encoding   

  12  0:01  SCV  
  13  0:13  SCV  
  14  0:18  Supply Depot  
  14  0:25  SCV  
  15  0:39  SCV, Barracks  
  16  0:45  Refinery  
  16  0:51  SCV  
  17  1:03  SCV  
  18  1:15  SCV  
  19  1:28  Orbital Command  
  19  1:30  Reaper  
  20  1:55  Command Center  
  20  1:56  SCV  
  21  2:04  Barracks Reactor, Supply Depot  
  22  2:14  Supply Depot  
  22  2:18  Engineering Bay  
  22  2:20  SCV  
  22  2:26  Barracks  
  22  2:39  SCV  
  22  2:43  Marine x2  
  25  2:46  Terran Infantry Weapons Level 1  
  25  2:52  SCV  
  26  3:01  Marine x2  
  28  3:06  SCV  
  28  3:07  Orbital Command  
  29  3:17  Barracks Tech Lab  
  29  3:19  SCV, Marine x2  
  32  3:26  Supply Depot  
  32  3:32  SCV  
  32  3:33  SCV  
  34  3:37  Stimpack, Marine  
  34  3:38  Refinery, Marine x2  
  37  3:44  SCV  
  37  3:45  SCV  
  39  3:54  Marine  
  40  3:56  Marine  
  40  3:57  Factory  
  40  3:58  SCV x2  
  42  4:07  Marine  
  43  4:10  SCV  
  43  4:11  Supply Depot, SCV  
  43  4:12  Marine  
  43  4:13  Marine  
  43  4:16  Supply Depot  
  47  4:22  SCV  
  47  4:23  SCV  
  49  4:26  Barracks  
  49  4:27  Refinery  
  49  4:28  Marine  
  49  4:30  Marine  
  51  4:34  SCV  
  52  4:39  SCV  
  52  4:42  Starport, Factory Reactor  
  52  4:44  Terran Infantry Armor Level 1  
  53  4:47  SCV  
  53  4:50  Refinery  
  53  4:51  Supply Depot, Marine, SCV  
  53  4:52  Marauder  
  58  4:53  Marine  
  59  5:00  SCV  
  59  5:03  SCV  
  61  5:09  Marine  
  61  5:11  Marine  
  61  5:13  SCV, Marauder  
  58  5:25  Marine  
  58  5:26  SCV x2  
  58  5:27  Marine  
  57  5:34  Marauder  
  57  5:38  SCV x2  
  57  5:40  Medivac  
  57  5:50  SCV x2  
  57  5:52  Medivac  
  60  5:58  Barracks Tech Lab, Marine, Marauder  
  60  5:59  Marine  
  60  6:02  SCV x2  
  66  6:11  Supply Depot  
  66  6:14  Supply Depot, SCV  
  67  6:19  SCV  
  67  6:22  Medivac  
  72  6:25  Marine  
  72  6:26  SCV, Marauder  
  72  6:27  Marine  
  72  6:28  Marauder  
  77  6:34  SCV  
  77  6:37  Supply Depot  
  78  6:40  Concussive Shells  
  78  6:42  SCV  
  78  6:46  SCV  
  80  6:48  Marine x2  
  80  6:49  Marauder  
  80  6:51  Missile Turret  
  80  6:52  Missile Turret  
  83  6:54  SCV  
  83  7:00  SCV  
  83  7:06  SCV  
  83  7:07  Marauder  
  73  7:20  Medivac  
  70  7:22  SCV  
  70  7:23  SCV  
  70  7:28  Marine  
  70  7:29  Marauder  
  71  7:34  SCV, Marine  
  71  7:35  SCV  
  73  7:47  SCV x2  
  73  7:50  Marauder  
  73  7:58  Barracks Tech Lab  
  73  7:59  SCV x2, Marine x2  
  76  8:10  Supply Depot  
  76  8:11  Supply Depot, Marauder  
  73  8:14  SCV x2  
  72  8:26  SCV x2  
  74  8:31  Marine, Marauder  
  74  8:32  Marine  
  74  8:33  Medivac  
  80  8:38  SCV x2  
  82  8:42  Missile Turret  
  82  8:44  Medivac  
  82  8:45  Marauder  
  84  8:50  SCV x2  
  84  8:51  Marine  
  84  8:52  Marine  
  85  9:10  Marauder x2, Marine  
  84  9:26  Marine  
  84  9:27  Marine  
  88  9:31  Marauder  
  88  9:39  Command Center  
  88  9:41  Marauder, Widow Mine  
  94  9:53  Marauder  
  94  10:07  Starport Reactor  
  94  10:11  Missile Turret  
  94  10:14  Factory Reactor  
  94  10:15  SCV x2  
  94  10:23  Missile Turret  
  94  10:31  Combat Shields  
  94  10:37  Supply Depot x2, Marauder, SCV x2  
  98  10:45  Marauder  
  98  10:46  Marine x2  
  101  10:59  Marauder  
  101  11:03  Marine  
  101  11:04  Marine  
  105  11:12  Missile Turret  
  105  11:15  Marauder  
  92  11:21  Marine x2, Marauder  
  81  11:37  Widow Mine  
  81  11:38  Widow Mine  
  81  11:39  SCV x2  
  80  11:40  Orbital Command  
  80  11:46  Marine x2  
  86  11:47  Marauder x2  
  86  11:51  SCV x2  
  86  11:53  Medivac  
  86  11:54  Medivac  
  92  12:03  SCV x2  
  92  12:04  Marine x2  
  92  12:05  Widow Mine  
  92  12:06  Widow Mine  
  92  12:08  Marauder x2  
  104  12:15  SCV  
  105  12:22  Marine x2  
  107  12:28  Medivac  
  107  12:29  Marauder  
  113  12:30  Marauder  
  113  12:34  Widow Mine  
  113  12:35  Widow Mine  
  117  12:37  Orbital Command  
  111  12:44  Marine  
  111  12:45  Marine  
  111  12:51  Marauder x2  
  113  13:02  Marine x2, Widow Mine  
  113  13:03  Widow Mine  
Tags
 
Add a new tag
Caveats
  • Supply blocks, unpowered buildings, or Contaminate may cause inaccurate times.
  • Supply counts are checked every 10 seconds.